 Dungeon Crawl Stone Soup version 0.22-a0-469-gf26638a (webtiles) character file.

291 Amnesiac the Magician (level 6, 0/28 HPs)
             Began as a Vine Stalker Earth Elementalist on June 12, 2018.
             Slain by a wight
             ... wielding a +4 flail
              (13 damage)
             ... on level 4 of the Dungeon.
             The game lasted 00:04:13 (1881 turns).

Amnesiac the Magician (VSEE)                        Turns: 1881, Time: 00:04:14

Health: 0/28       AC:  2    Str: 11    XL:     6   Next: 32%
Magic:  0/14       EV: 12    Int: 17    God:
Gold:   105        SH:  0    Dex: 19    Spells: 2/14 levels left

rFire    + . .     SeeInvis .   a - +0 dagger
rCold    . . .     Gourm    .   (no shield)
rNeg     . . .     Faith    .   c - +0 robe
rPois    .         Spirit   +   (no helmet)
rElec    .         Reflect  .   (no cloak)
rCorr    .         Harm     +   (no gloves)
MR       .....                  (no boots)
Stlth    +++.......             i - amulet of harm
HPRegen  0.49/turn              h - ring of protection from fire
MPRegen  0.14/turn              j - +5 ring of dexterity

@: drained
A: fangs 2, regeneration 1, magic shield, antimagic bite, no potion heal 3, rot
immunity
a: no special abilities


You were on level 4 of the Dungeon.
You were not hungry.

You visited 1 branch of the dungeon, and saw 4 of its levels.

You collected 105 gold pieces.

Inventory:

Hand Weapons
 a - a +0 dagger (weapon)
Missiles
 b - 73 stones (quivered)
Armour
 c - a +0 robe (worn)
 f - a +0 shield
Jewellery
 h - a ring of protection from fire (left hand)
 i - an amulet of harm (around neck)
 j - a +5 ring of dexterity (right hand)
Wands
 l - a wand of scattershot (6)
Scrolls
 e - a scroll of noise {!r}
 m - a scroll of identify {!r}
Potions
 g - 4 potions of curing {!q}
Comestibles
 d - 8 rations
 k - 7 chunks of flesh


   Skills:
 - Level 1.5(1.0) Dodging
 + Level 3.8(3.2) Stealth
 * Level 4.8(4.2) Spellcasting
 - Level 1.0(0.4) Transmutations
 * Level 4.7(4.1) Earth Magic


You had 2 spell levels left.
You knew the following spells:

 Your Spells              Type           Power        Failure   Level  Hunger
a - Sandblast             Erth           ###...       2%          1    None
b - Passwall              Tmut/Erth      ##......     9%          2    ##.....
d - Lee's Rapid Deconstr  Erth           ###.......   58%         5    ######.
e - Petrify               Tmut/Erth      ##......     52%         4    ####...

Your spell library contained the following spells:

 Spells                   Type           Power        Failure   Level  Hunger
 Magic Dart               Conj           #...         16%         1    None
 Conjure Flame            Conj/Fire      #.......     43%         3    ###....
 Slow                     Hex            #.......     24%         2    ##.....
 Mephitic Cloud           Conj/Pois/Air  #.......     43%         3    ###....
 Blink                    Tloc           N/A          24%         2    ##.....
 Call Imp                 Summ           #.......     24%         2    ##.....
 Stone Arrow              Conj/Erth      ##....       21%         3    ###....


Dungeon Overview and Level Annotations

Branches:
Dungeon (4/15)
 Temple: D:4-7

Altars:

Annotations:
D:3 Natasha


Innate Abilities, Weirdness & Mutations

You have extremely sharp teeth.
Your natural rate of healing is unusually fast.
When hurt, damage is shared between your health and your magic reserves.
Your bite disrupts and absorbs the magic of your enemies.
Potions cannot restore your health.
You are immune to rotting.


Message History

The wight misses you.
Casting: Sandblast (safe; 1% risk of failure)
Confirm with . or Enter, or press ? or * to list all spells.
Aiming: Sandblast (safe; 1% risk of failure)
Press: ? - help, Shift-Dir - straight line, f/p - wight
Aim: a wight, wielding an enchanted flail and wearing a robe (severely damaged)
The blast of sand hits the wight.
The wight is severely damaged.
b - 78 stones The wight hits you with an enchanted flail.
* * * LOW HITPOINT WARNING * * *
Casting: Sandblast (safe; 1% risk of failure)
Confirm with . or Enter, or press ? or * to list all spells.
Aiming: Sandblast (safe; 1% risk of failure)
Press: ? - help, Shift-Dir - straight line, f/p - wight
Aim: a wight, wielding an enchanted flail and wearing a robe (severely damaged)
The blast of sand hits the wight.
The wight is severely damaged.
b - 77 stones The wight hits you with an enchanted flail.
* * * LOW HITPOINT WARNING * * *
You feel drained.
* * * LOW HITPOINT WARNING * * *
Some of the chunks of flesh in your inventory have rotted away.
Casting: Sandblast (safe; 2% risk of failure)
Confirm with . or Enter, or press ? or * to list all spells.
Aiming: Sandblast (safe; 2% risk of failure)
Press: ? - help, Shift-Dir - straight line, f/p - wight
Aim: a wight, wielding an enchanted flail and wearing a robe (severely damaged)
The blast of sand hits the wight.
The wight is severely damaged.
b - 76 stones The wight closely misses you.
There is a stone staircase leading down here.
Casting: Sandblast (safe; 2% risk of failure)
Confirm with . or Enter, or press ? or * to list all spells.
Aiming: Sandblast (safe; 2% risk of failure)
Press: ? - help, Shift-Dir - straight line, f/p - wight
Aim: a wight, wielding an enchanted flail and wearing a robe (severely damaged)
The blast of sand misses the wight.
b - 75 stones The wight hits you with an enchanted flail.
* * * LOW HITPOINT WARNING * * *
You feel drained.
* * * LOW HITPOINT WARNING * * *
Casting: Sandblast (safe; 2% risk of failure)
Confirm with . or Enter, or press ? or * to list all spells.
Aiming: Sandblast (safe; 2% risk of failure)
Press: ? - help, Shift-Dir - straight line, f/p - wight
Aim: a wight, wielding an enchanted flail and wearing a robe (severely damaged)
The blast of sand hits the wight.
The wight is severely damaged.
b - 74 stones The wight misses you.
Casting: Sandblast (safe; 2% risk of failure)
Confirm with . or Enter, or press ? or * to list all spells.
Aiming: Sandblast (safe; 2% risk of failure)
Press: ? - help, Shift-Dir - straight line, f/p - wight
Aim: a wight, wielding an enchanted flail and wearing a robe (severely damaged)
The blast of sand hits the wight.
The wight is severely damaged.
b - 73 stones The wight hits you with an enchanted flail!
You die...

..#.# #.#########
z.#.####.........#
..#....#########.#
######.# #.#
..#....# #.#
#.#.#### #.# #.#.#
#.# #...# #.#
...## #@# ##.# #z#
#.## #.# ...## #.#
....# #.#
.#..############.#
.............>...#
....##############
##..#


You could see a wight.

Vanquished Creatures
  3 scorpions (D:4)
  The ghost of Galder the Caller, a weakling DESu (D:3)
  2 worker ants (D:4)
  An adder (D:2)
  An ooze (D:2)
  3 dart slugs
  2 leopard geckos
  6 orcs
  5 giant cockroaches
  3 goblins
  3 hobgoblins
  A jackal (D:2)
  A quokka (D:2)
  2 bats
  3 frilled lizards
  3 kobolds (D:2)
  4 rats
44 creatures vanquished.

Notes
Turn   | Place    | Note
-------+----------+-------------------------------------------
     0 | D:1      | Amnesiac the Vine Stalker Earth Elementalist began the quest for the Orb.
     0 | D:1      | Reached XP level 1. HP: 9/9 MP: 4/4
   173 | D:1      | Reached XP level 2. HP: 4/13 MP: 2/6
   204 | D:1      | Learned a level 2 spell: Passwall
   679 | D:2      | Reached XP level 3. HP: 12/16 MP: 0/8
  1057 | D:3      | Noticed Natasha
  1236 | D:3      | Noticed Galder's ghost (weakling DESu)
  1263 | D:3      | Killed Galder's ghost
  1263 | D:3      | Gained mutation: Your natural rate of healing is unusually fast. [Vine Stalker growth]
  1263 | D:3      | Reached XP level 4. HP: 4/21 MP: 0/10
  1396 | D:4      | Reached XP level 5. HP: 13/24 MP: 0/12
  1423 | D:4      | Learned a level 4 spell: Petrify
  1429 | D:4      | Learned a level 5 spell: Lee's Rapid Deconstruction
  1648 | D:4      | Reached XP level 6. HP: 28/28 MP: 8/14
  1881 | D:4      | Slain by a wight

Vault maps used:
D:1:      eino_arrival_druids_welcome
D:3:      uniq_natasha, uniq_crazy_yiuf_cottage, uniq_robin
D:4:      serial_bayou_lake_a

Skill      XL: |  1  2  3  4 |
---------------+-------------+-----
Spellcasting   | 3 4 |  4.8
Stealth        | 3 |  3.8
Earth Magic    | 4 |  4.7
Dodging        | |  1.5
Transmutations | |  1.0

Action                   |  1- 3 |  4- 6 || total
-------------------------+-------+-------++-------
Melee: Dagger            |    96 |    35 ||   131
       Bite              |    27 |    12 ||    39
 Cast: Sandblast         |    26 |    38 ||    64
       Passwall          |     1 |     3 ||     4
  Use: Scroll            |       |     3 ||     3
 Stab: Sleeping          |     1 |     5 ||     6
  Eat: Chunk             |     1 |     2 ||     3
Armor: Robe              |    23 |     4 ||    27
Dodge: Dodged            |    61 |    24 ||    85

Table legend:
 A = Spawn XP
 B = Non-spawn XP
 C = Spawn XP percentage of total XP
 D = Spawn monster count
 E = Non-spawn monster count
 F = Spawn count percentage of total count
 G = Total turns spent on level
                    A         B        C        D         E        F      G
               +---------+---------+-------+---------+---------+-------+---------
         Total |       0 |     417 |   0.0 |       0 |      44 |   0.0 |  1881
               +---------+---------+-------+---------+---------+-------+---------
           D:1 |       0 |      15 |   0.0 |       0 |       7 |   0.0 |   439
           D:2 |       0 |      51 |   0.0 |       0 |      19 |   0.0 |   519
           D:3 |       0 |      64 |   0.0 |       0 |       8 |   0.0 |   414
           D:4 |       0 |     287 |   0.0 |       0 |      10 |   0.0 |   509
               +---------+---------+-------+---------+---------+-------+---------
